← All builds
Tech / Armada / Economy first / OBSERVED BUILD

Standard tech

Armada Tech (Eco) build order · Supreme Isthmus

Rushes T2 by 4:15, gets Advanced Metal Extractor around 5:28, hands off T2 constructors to Geo and the team, then scales eco and supplies the team's T2 needs through the rest of the game.

Usually first T2 con to Geo (83%)

#eco #t2 #team support · 1574 distinct matches · 255 players · 58% of Armada Tech games · team won 53% of 1868 · Recently observed

HOW TO PLAY IT

Key timing: T2 factory by 4:15

  1. Open 3 mex and heavy wind to fund a fast T2 rush.
  2. Put down Bot Lab, planning to eat it for reclaim soon after.
  3. Get Advanced Bot Lab up, hitting the T2 factory rush timing.
  4. Upgrade mex to Advanced Metal Extractor to lock in team metal income.
  5. Eat Advanced Bot Lab and keep sending cons to Geo and Pond.

Phase by phase

TYPICAL OF ITS 1574 GAMES
  1. 1
  2. 2
  3. 3
  4. 4
PLAY THE OPENING

Follow the example game's first 6:00 step by step: what to build now, what comes next, and where it goes. At 1× it keeps pace with your own game.

  1. 1

    Up to the Bot Lab

    Economy
    • Metal Extractor3Mex
    • Wind Turbine4Wind
    Order
    1. Bot LabBot Lab after 3 mex, 4 winddone ~1:18, middle half 1:13–1:32

    Some games also: energy storage (31%)

    By 1:01 in all: 3 mex · 4 wind

    The example game in this phase · 3 steps
    1. Mex ×3
    2. Wind ×4
    3. Bot LabBot Labdone 1:19 · typical 1:18
  2. 2

    Bot Lab to Advanced Bot Lab

    Economy
    • Metal Extractor1Mex
    • Wind Turbine8Wind
    • Energy Storage1Energy storage
    Order
    1. Advanced Bot LabAdvanced Bot Lab after 4 mex, 12 wind, 3 con turretdone ~4:16, middle half 4:04–4:30
    Builders
    • Construction Turret3 Con turret
    • Lazarus3 Lazarus
    • Construction Bot2 Con bot
    • Construction Bot1 Con bot for allies

    Some games also: converter (36%)

    By 3:18 in all: 4 mex · 12 wind · 1 energy storage · 3 con turret

    The example game in this phase · 15 steps
    1. Wind
    2. LazarusLazarus ×2
    3. Wind
    4. Construction BotCon bot
    5. Wind
    6. Energy storage
    7. Construction BotCon botfor Air
    8. LazarusLazarus
    9. Wind ×2
    10. Mex
    11. Wind
    12. Construction BotCon bot
    13. Wind
    14. Con turret ×2
    15. Advanced Bot LabAdvanced Bot Labdone 4:21 · typical 4:16
  3. 3

    Advanced Bot Lab to 5:00

    Economy
    • Wind Turbine3Wind
    Order
    1. Bot LabEat Bot Lab
    Builders
    • Advanced Construction Bot1 T2 con bot for allies

    Some games also: converter (35%)

    By 5:00 in all: 4 mex · 15 wind · 1 converter · 1 energy storage · 3 con turret

    The example game in this phase · 3 steps
    1. Bot LabEat Bot Labreclaimed for its metal
    2. Advanced Construction BotT2 con botfor Geo
    3. Advanced Metal ExtractorT2 mex ×2done 5:36 · typical 5:29
  4. 4

    5:00 to 10:00

    Economy
    • Wind Turbine43Wind
    • Energy Converter6Converter
    Builders
    • Butler9 Butler
    • Advanced Construction Bot4 T2 con bot for allies
    • Advanced Construction Bot1 T2 con bot

    Some games also: con turret (43%) · Butler for allies (37%)

    By 10:00 in all: 4 mex · 58 wind · 8 converter · 1 energy storage · 3 con turret

    The example game in this phase · 228 steps
    1. Wind
    2. Advanced Construction BotT2 con bot ×2for Air
    3. Wind
    4. Advanced Construction BotT2 con botfor Pond
    5. Wind
    6. Advanced Construction BotT2 con bot
    7. Advanced Metal ExtractorT2 mex
    8. GunslingerGunslingerfor Suicide frontdone 7:14
    9. Wind
    10. Advanced Metal ExtractorT2 mex
    11. Advanced Construction BotT2 con botfor Air
    12. ButlerButler ×6
    13. Wind
    14. Wind ×2for Suicide front
    15. Wind ×2
    16. Windfor Suicide front
    17. Wind
    18. Windfor Suicide front
    19. ButlerButler
    20. Wind ×2
    21. Windfor Suicide front
    22. ButlerButler
    23. Wind
    24. Windfor Suicide front
    25. Wind
    26. Windfor Suicide front
    27. ButlerButler
    28. Wind
    29. Windfor Suicide front
    30. Wind
    31. ButlerButler
    32. Windfor Suicide front
    33. Wind
    34. Windfor Suicide front
    35. ButlerButler
    36. Wind ×2
    37. Windfor Suicide front
    38. Wind
    39. Converter
    40. Windfor Suicide front
    41. ButlerButler
    42. Wind
    43. Windfor Suicide front
    44. Advanced Construction BotT2 con botfor Suicide front
    45. Wind
    46. Converter
    47. Wind
    48. Windfor Suicide front
    49. Wind
    50. Converter
    51. Wind
    52. Windfor Suicide front
    53. Wind
    54. Converter
    55. Wind
    56. Advanced Construction BotT2 con botfor Front
    57. Wind
    58. Windfor Suicide front
    59. Converter
    60. Wind
    61. Windfor Suicide front
    62. Converter
    63. Wind ×2
    64. ButlerButler
    65. Windfor Suicide front
    66. Wind
    67. Converter
    68. Windfor Suicide front
    69. ButlerButler
    70. Wind
    71. Windfor Suicide front
    72. Wind ×2
    73. Converter
    74. ButlerButler
    75. Windfor Suicide front
    76. Wind
    77. ButlerButler
    78. Wind
    79. Converter
    80. Windfor Suicide front
    81. Wind ×2
    82. ButlerButler
    83. Wind
    84. Windfor Suicide front
    85. Converter
    86. Wind ×2
    87. Windfor Suicide front
    88. ButlerButler
    89. Wind ×2
    90. Converter
    91. Wind ×6
    92. ButlerButler
    93. Wind
    94. Converter
    95. Wind ×4
    96. ButlerButler
    97. Wind ×3
    98. Converter
    99. Wind
    100. Windfor Suicide front
    101. Wind ×5
    102. Windfor Suicide front
    103. Converter
    104. Wind ×4
    105. Windfor Suicide front
    106. Wind ×3
    107. Converter
    108. Wind
    109. Windfor Suicide front
    110. Wind ×8
    111. Converter
    112. Wind
    113. ButlerButler
    114. Wind ×5
    115. Converter
    116. Wind ×6
    117. Converter
    118. ButlerButler
    119. Wind ×6
    120. Converter
    121. Wind ×3
    122. ButlerButler
    123. Wind ×5
    124. Converter
    125. Wind
    126. ButlerButler
    127. Wind ×4
    128. Converter
    129. Wind ×2
    130. ButlerButler
    131. Wind ×3
    132. Converter
    133. Wind ×8
    134. Converter
    135. ButlerButler
    136. Wind ×6
    137. Converter
    138. Wind ×5
    139. ButlerButler
    140. Wind ×3
    141. Converter
    142. Wind ×6
    143. Converter
    144. Advanced Construction BotT2 con bot
    145. Wind ×6
    146. Converter
    147. Wind
    148. Converter
    149. Wind ×4
    150. Converter
    151. Wind ×5
    152. Converter ×2
    153. Wind
    154. Converter
    155. Wind ×5
    156. Converter ×2
    157. Wind ×5
    158. Converter
    159. Wind
    160. Converter
    161. Wind ×4
    162. Converter
    163. Wind ×5
    164. Converter ×2
    165. Wind ×6
    166. Converter
    167. Wind ×3
    168. Converter
    169. Wind ×3
    170. Converter
    171. Wind ×4
    172. UmbrellaAnti-nukenot finished by 15:00
    173. Wind
    174. Converter ×2
    175. Wind ×9
    176. Converter
    177. Wind
    178. Converter
    179. Wind ×6
    180. Converter
    181. Wind ×2
    182. Converter
    183. Wind ×4
    184. Converter
    185. Wind ×6
    186. Converter ×2
    187. Wind ×3
    188. Converter
    189. Wind ×6
    190. Converter ×2
    191. Wind
    192. Pit BullPit Bull
    193. Wind ×4
    194. Converter
    195. Wind ×5
    196. Converter
    197. Wind
    198. Converter
    199. Wind ×5
    200. Converter
    201. Wind ×2
    202. Converter
    203. Wind ×5
    204. Converter
    205. Wind ×2
    206. Converter ×2
    207. Wind ×4
    208. Converter ×2
    209. RattlesnakeRattlesnakenot finished by 15:00
    210. Wind ×3
    211. Converter
    212. Wind
    213. Converter
    214. Wind ×3
    215. Converter
    216. Wind
    217. Converter ×2
    218. Wind ×2
    219. Converter
    220. Wind ×2
    221. Converter
    222. Wind ×2
    223. Converter
    224. Wind ×3
    225. Converter ×2
    226. Wind ×5
    227. Converter ×2
    228. Wind ×2

Counts are medians over the build's games: half of them build more, half fewer. The example game is heihallo's (31 OS, 07/10/2026); pick another.

Team trades

IN AT LEAST 30% OF ITS GAMES

You hand over

  • Construction Bot1 Con bot to Airfirst at 2:24 · in 84% of games
  • Advanced Construction Bot5 T2 con bot to Air or Geo sea or Pondfirst at 4:50 · in 99% of games
  • Butler2 Butler to Geo sea or Beach sea or Pondfirst at 9:07 · in 42% of games

You get

  • Hercules1 Light transport from Airfirst at 4:01 · in 86% of games

How it plays out

Typical game of this build, running totals by minute

Metal produced

020k40k
0:005:0010:0015:00

metal

Enemy metal destroyed

050100
0:005:0010:0015:00

metal

Own metal lost

050100150
0:005:0010:0015:00

metal

1868 games.

Show as table
ByMetal produced: This buildEnemy metal destroyed: This buildOwn metal lost: This build
1:0038300
2:0091500
3:00165100
4:00314300
5:00484800
6:00580000
7:00722700
8:00906100
9:001116900
10:001350200
11:001623900
12:001965200
13:002344100
14:0027357074
15:003153885130
WHAT THE NUMBERS SAY

Standard Tech play barely fights at all early, instead pouring metal into T2 infrastructure and constructors for the team.

  • + Metal produced hits 31679 by 15:00, by far the highest of any role here.
  • + T2 factory reached in 97% of games by 4:15, fastest and most reliable T2 timing.
  • − Enemy metal destroyed stays at 0 through 10:00, no early offense at all.
  • − Own metal lost also near 0, showing total avoidance of combat risk.
THE EXAMPLE YOU ARE READING

heihallo

30.6 OS · 07/10/2026

Open source match ↗

2 received units
2025 metal received · 123089 energy received

Allied construction assistance is unknown. Timings are observations, not a promise of solo reproducibility.

Typical milestones

Bot Lab1:18Middle 50%: 1:13–1:32 · n=1868
Advanced Bot Lab4:16Middle 50%: 4:04–4:30 · n=1861
Advanced Metal Extractor5:29Middle 50%: 5:06–5:59 · n=1864

Played most by

Amrissa93games of this buildTheGeneraI66games of this buildAdeus57games of this buildEl_Turco56games of this buildKOT_43games of this build
Standard tech · Armada Tech (Eco) build order · BAR Build Atlas